Map: 10000 Feet LE

Players

Elazer - Winner!

  • Race: Zerg Zerg
  • League: Master
  • Spawn Location: 11:00

Harstem

  • Race: Protoss Protoss
  • League: Grandmaster
  • Spawn Location: 5:00

VOD

Have the link to the VOD?

Description

Time

  • Played on: Jan. 31, 2026, 6:46 a.m.
  • Length: 11:01
Show
View Real Time Build Order
Export as new Build Order

Elazer Zerg - Winner!

Build Orders: Hatch First 

Get SALT Encoding   

  12  0:00  Drone  
  13  0:08  Drone  
  14  0:14  Extractor, Drone  
  15  0:21  Overlord  
  15  0:40  Drone  
  16  0:45  Hatchery  
  16  0:49  Drone  
  16  0:52  Drone  
  16  0:56  Drone  
  18  1:06  Extractor  
  18  1:11  Spawning Pool  
  16  1:14  Drone  
  16  1:17  Drone  
  18  1:26  Drone  
  19  1:37  Drone  
  20  1:48  Drone  
  21  1:57  Queen x2  
  21  1:58  Zergling x2  
  21  1:59  Overlord  
  26  2:08  Drone  
  26  2:10  Drone, Metabolic Boost  
  28  2:19  Drone  
  28  2:20  Drone  
  30  2:32  Drone, Queen  
  33  2:41  Hatchery  
  32  2:45  Overlord  
  32  2:50  Drone x2  
  34  2:51  Drone  
  34  2:53  Zergling x2  
  36  3:04  Drone x2  
  36  3:05  Drone x4  
  42  3:07  Drone  
  42  3:12  Overlord  
  43  3:18  Drone  
  44  3:28  Overlord  
  44  3:29  Queen x2  
  44  3:33  Drone x2  
  50  3:36  Drone x2  
  52  3:45  Overlord  
  52  3:47  Drone  
  52  3:48  Drone x3  
  56  3:50  Spore Crawler  
  56  3:52  Spore Crawler  
  56  3:54  Drone x2  
  56  3:56  Drone  
  56  3:58  Drone  
  58  4:06  Drone x2  
  59  4:10  Drone  
  59  4:12  Drone x6  
  66  4:17  Overlord  
  66  4:23  Drone x2  
  68  4:24  Hatchery  
  68  4:25  Drone  
  68  4:32  Drone x2  
  68  4:33  Extractor  
  68  4:34  Extractor, Drone  
  68  4:35  Roach Warren, Evolution Chamber  
  67  4:40  Drone x4  
  67  4:41  Drone  
  67  4:42  Drone  
  67  4:45  Zergling x6  
  76  4:49  Lair  
  76  4:52  Overlord  
  76  4:54  Zergling x6  
  76  4:55  Zergling x2  
  76  4:59  Overlord  
  80  5:03  Extractor, Zergling x2  
  80  5:04  Zergling x2  
  81  5:08  Zerg Missile Weapons Level 1  
  81  5:13  Drone  
  80  5:14  Overlord  
  80  5:15  Zergling x14  
  86  5:23  Drone  
  86  5:24  Drone  
  86  5:26  Zergling x8  
  92  5:30  Hatchery  
  92  5:33  Zergling x4  
  93  5:42  Zergling x4  
  93  5:45  Zergling x4  
  93  5:46  Zergling x10  
  93  5:47  Drone  
  93  5:48  Hydralisk Den  
  93  5:49  Zergling x4  
  101  5:56  Zergling x2  
  101  5:57  Zergling x4  
  103  6:01  Overlord  
  103  6:04  Zergling x2  
  103  6:07  Overlord x3  
  103  6:13  Overlord x2  
  103  6:15  Overseer  
  103  6:18  Muscular Augments  
  103  6:19  Hydralisk x4  
  103  6:25  Drone x3  
  114  6:27  Drone x6  
  114  6:28  Drone x2  
  114  6:30  Drone  
  123  6:38  Drone  
  124  6:41  Drone x3  
  126  6:49  Hydralisk x8  
  126  6:54  Overlord x2  
  142  7:04  Zerg Missile Weapons Level 2  
  142  7:05  Hydralisk x4  
  150  7:09  Extractor, Drone  
  150  7:10  Extractor  
  150  7:11  Drone  
  150  7:12  Drone  
  151  7:15  Drone  
  151  7:16  Drone x3  
  151  7:17  Drone  
  151  7:18  Overlord x3  
  151  7:20  Hydralisk x3  
  151  7:22  Grooved Spines  
  160  7:30  Hydralisk x3  
  160  7:35  Hydralisk  
  164  7:41  Hydralisk x2  
  164  7:43  Overlord  
  167  7:44  Zergling x2  
  167  7:45  Zergling x24  
  180  7:54  Hydralisk x4  
  188  8:01  Overlord  
  188  8:03  Hydralisk x3  
  192  8:16  Hydralisk x4  
  170  8:25  Hydralisk x3  
  170  8:26  Zergling x16  
  170  8:27  Zergling x4  
  168  8:35  Hydralisk x3  
  166  8:41  Hydralisk x2  
  166  8:42  Hydralisk  
  166  8:48  Hydralisk  
  159  8:49  Zergling x6  
  159  8:50  Zergling x16  
  166  8:59  Hydralisk  
  166  9:00  Hydralisk x3  
  160  9:07  Hydralisk x3  
  160  9:09  Zergling x24  
  161  9:13  Hydralisk x2  
  155  9:23  Hydralisk x2  
  155  9:24  Hydralisk  
  142  9:30  Hydralisk  
  142  9:31  Hydralisk  
  138  9:32  Zergling x12  
  141  9:41  Hydralisk x4  
  140  9:47  Hydralisk x2  
  140  9:48  Zergling x2  
  140  9:49  Zergling x20  
  140  9:51  Overlord  
  155  9:55  Hydralisk x2  
  155  9:59  Hydralisk x2  
  149  10:03  Hydralisk  
  149  10:04  Zergling x4  
  157  10:10  Hydralisk x2  
  157  10:11  Zergling x10  
  166  10:18  Zergling x2  
  166  10:19  Zergling x12  
  173  10:27  Hatchery  
Show
View Real Time Build Order
Export as new Build Order

Harstem Protoss 

Build Orders: 1 Gate Expand, Oracle Opening, Blink Stalkers, Chargelot Immortal 

Get SALT Encoding   

  12  0:02  Probe  
  13  0:14  Probe  
  13  0:19  Pylon  
  14  0:26  Probe  
  15  0:34  Probe  
  15  0:38  Gateway  
  15  0:42  Probe  
  16  0:48  Assimilator  
  17  0:53  Probe  
  18  1:05  Probe  
  19  1:17  Probe  
  20  1:24  Nexus  
  20  1:31  Cybernetics Core  
  20  1:34  Probe  
  20  1:39  Assimilator  
  21  1:46  Probe  
  22  1:49  Pylon  
  22  1:58  Probe, Adept  
  23  2:06  Probe  
  23  2:09  Warp Gate  
  23  2:14  Probe  
  27  2:24  Stargate, Probe  
  27  2:29  Stalker  
  28  2:37  Probe x2  
  32  2:49  Probe x2  
  34  2:58  Oracle  
  34  3:01  Probe  
  34  3:03  Probe  
  39  3:13  Probe  
  39  3:16  Nexus  
  40  3:20  Probe  
  40  3:21  Pylon  
  40  3:25  Probe  
  42  3:28  Gateway  
  42  3:32  Probe  
  43  3:37  Probe  
  43  3:38  Twilight Council  
  44  3:44  Probe  
  44  3:47  Blink  
  45  3:49  Probe  
  45  3:51  Gateway  
  45  3:53  Gateway  
  46  3:56  Probe  
  46  3:58  Adept  
  46  4:01  Probe  
  50  4:07  Pylon  
  50  4:08  Probe  
  51  4:13  Probe  
  51  4:14  Assimilator  
  52  4:20  Probe  
  53  4:25  Assimilator, Probe  
  53  4:26  Stalker  
  53  4:27  Probe  
  57  4:34  Stalker  
  57  4:36  Probe  
  57  4:37  Forge  
  57  4:38  Probe  
  61  4:40  Probe  
  61  4:44  Shield Battery  
  62  4:47  Stalker  
  62  4:49  Probe  
  62  4:50  Probe  
  66  4:53  Stalker  
  66  4:54  Probe  
  66  4:59  Stalker x2  
  73  5:03  Pylon  
  73  5:04  Probe  
  73  5:05  Probe  
  76  5:16  Stalker  
  77  5:21  Probe x3  
  77  5:26  Stalker x2  
  84  5:28  Protoss Ground Weapons Level 1  
  84  5:32  Pylon x2  
  84  5:33  Robotics Facility, Probe  
  85  5:43  Probe x2  
  85  5:48  Assimilator  
  86  5:50  Probe  
  86  5:51  Assimilator  
  86  5:53  Gateway  
  86  5:54  Gateway  
  86  5:55  Probe x2  
  88  5:58  Zealot x3  
  94  6:04  Probe  
  94  6:06  Gateway  
  94  6:07  Pylon  
  96  6:12  Pylon  
  96  6:14  Templar Archives, Probe  
  96  6:16  Probe  
  96  6:17  Immortal  
  97  6:19  Sentry  
  97  6:21  Pylon  
  103  6:28  Probe  
  104  6:35  Photon Cannon  
  104  6:38  Photon Cannon  
  102  6:40  Psionic Storm  
  102  6:41  Photon Cannon  
  102  6:42  Probe x2  
  102  6:46  Immortal  
  104  6:58  Probe  
  109  7:01  High Templar  
  109  7:02  High Templar x2  
  109  7:03  Charge  
  109  7:06  Zealot  
  109  7:07  Photon Cannon  
  117  7:12  Pylon  
  117  7:16  Pylon  
  117  7:20  Immortal  
  117  7:21  Protoss Ground Weapons Level 2  
  117  7:28  Zealot x4  
  125  7:32  Pylon  
  125  7:33  Pylon  
  127  7:38  Probe  
  127  7:40  Photon Cannon  
  127  7:47  High Templar x2  
  127  7:49  Immortal  
  131  7:56  Nexus  
  133  8:06  High Templar, Probe  
  133  8:08  Pylon  
  121  8:21  Stalker  
  121  8:22  Zealot x5  
  129  8:28  Immortal  
  129  8:32  Probe  
  131  8:39  Zealot  
  131  8:41  Probe  
  128  8:48  Nexus  
  128  8:52  Zealot x6  
  136  9:02  Immortal  
  126  9:04  Zealot  
  126  9:09  Probe, Pylon  
  119  9:11  Gateway  
  119  9:12  Gateway  
  119  9:15  Zealot x6  
  121  9:22  Archon  
  113  9:26  Zealot  
  113  9:29  Immortal, Probe  
  100  9:32  Fleet Beacon  
  100  9:36  Zealot x5  
  100  9:48  Probe  
  100  9:51  Photon Cannon, High Templar x2  
  105  9:57  Robotics Facility  
  105  9:58  Sentry  
  105  9:59  Zealot x3  
  104  10:03  Archon  
  104  10:04  Photon Cannon  
  104  10:06  Shield Battery  
  104  10:07  Zealot x2  
  104  10:11  Shield Battery  
  108  10:19  High Templar  
  108  10:20  High Templar  
  112  10:22  Zealot x2  
  112  10:27  Archon  
  108  10:30  Zealot x4  
  95  10:42  Zealot x2  
Tags
 
Add a new tag
Caveats
  • Supply blocks, unpowered buildings, or Contaminate may cause inaccurate times.
  • Supply counts are checked every 10 seconds.